 Dungeon Crawl Stone Soup version 0.20.1-1-g8b1a95d (webtiles) character file.

83 slep the Slasher (level 4, -5/34 HPs)
             Began as a Demonspawn Gladiator on Dec 27, 2017.
             Slain by Sigmund
             ... wielding a +0 scythe
              (7 damage)
             ... on level 3 of the Dungeon.
             The game lasted 00:05:37 (1630 turns).

slep the Slasher (Demonspawn Gladiator)             Turns: 1630, Time: 00:05:38

Health: -5/34      AC:  5    Str: 15    XL:     4   Next: 22%
Magic:  4/4        EV: 13    Int:  9    God:
Gold:   72         SH:  4    Dex: 15    Spells: 3/3 levels left

rFire    + . .     SeeInvis .   a - +0 long sword
rCold    + . .     Gourm    .   (no shield)
rNeg     + . .     Faith    .   b - +0 leather armour
rPois    .         Spirit   .   c - +0 helmet
rElec    .         Reflect  .   e - scarf {rC+ rF+}
rCorr    .         Harm     .   k - +0 pair of gloves
MR       +....                  (no boots)
Stlth    +.........             (no amulet)
Regen    0.2/turn               r - ring of positive energy
MPRegen  0.1/turn               m - ring of protection from magic

@: no status effects
A: large bone plates 1, rot immunity
a: no special abilities


You were on level 3 of the Dungeon.
You were hungry.

You visited 1 branch of the dungeon, and saw 3 of its levels.

You collected 72 gold pieces.

Inventory:

Hand Weapons
 a - a +0 long sword (weapon)
Missiles
 d - 3 throwing nets (quivered)
 j - 6 poisoned needles
Armour
 b - a +0 leather armour (worn)
 c - a +0 helmet (worn)
 e - a scarf of resistance (worn)
 k - a +0 pair of gloves (worn)
Jewellery
 m - a ring of protection from magic (right hand)
 o - an uncursed ring of ice
 r - a ring of positive energy (left hand)
Scrolls
 g - 7 scrolls of identify {unknown}
 h - 2 scrolls of remove curse {unknown}
 i - 4 scrolls of teleportation {unknown}
 q - a scroll of fear {unknown}
Potions
 n - a potion of magic {unknown}
Comestibles
 f - 3 bread rations
 l - a royal jelly
 p - 4 fruits


   Skills:
 + Level 2.4 Fighting
 + Level 3.7 Long Blades
 + Level 1.8 Throwing
 + Level 1.0 Armour
 + Level 3.2 Dodging
 + Level 0.2 Stealth


You had 3 spell levels left.
You didn't know any spells.

Dungeon Overview and Level Annotations

Branches:
Dungeon (3/15)

Altars:
Ashenzari
Yredelemnul

Annotations:
D:3 Sigmund


Innate Abilities, Weirdness & Mutations

You are partially covered in large bone plates. (SH +4)
You are immune to rotting.


Message History

The orc is lightly wounded.
The orc hits you with a short sword.
You hit the orc.
The orc is heavily wounded.
The orc barely misses you.
You hit the orc but do no damage.
The orc is heavily wounded.
The orc hits you but does no damage.
You hit the orc.
You kill the orc!
You closely miss the rat. The rat closely misses you.
You closely miss the rat. Something hits you! The rat barely misses you.
You riposte.
You slash the rat!
You kill the rat!
Something hits you!
* * * LOW HITPOINT WARNING * * *
Things that are here:
a short sword; a leather armour You closely miss something.
Something hits you!
You die...

............####...........#
.........#o.# #.###.......#
.........#..# #.# #.#.....#
$##......#.r####.###.#.....#
. #......+...o.......#.....#
.
#......#######.#####รท....#
# ######## #w# #..^..# #{#
#.....# #@# #.....# #<#
####### ###


You could see a worm.

Vanquished Creatures
  2 adders
  An ooze (D:3)
  3 worms (D:2)
  A dart slug (D:2)
  2 leopard geckos
  An orc (D:3)
  A ball python (D:2)
  8 goblins
  6 hobgoblins
  3 jackals
  A quokka (D:2)
  4 bats
  A frilled lizard (D:2)
  6 kobolds
  7 rats
47 creatures vanquished.

Notes
Turn   | Place    | Note
-------+----------+-------------------------------------------
     0 | D:1      | slep the Demonspawn Gladiator began the quest for the Orb.
     0 | D:1      | Reached XP level 1. HP: 16/16 MP: 1/1
    80 | D:1      | Gained mutation: You are immune to rotting. [demonic ancestry]
    80 | D:1      | Reached XP level 2. HP: 22/22 MP: 2/2
   477 | D:2      | Gained mutation: You are partially covered in large bone plates. (SH +4) [demonic ancestry]
   477 | D:2      | Reached XP level 3. HP: 9/28 MP: 3/3
   926 | D:2      | Found a shattered altar of Ashenzari.
  1353 | D:3      | Found a basalt altar of Yredelemnul.
  1363 | D:3      | Reached XP level 4. HP: 24/34 MP: 4/4
  1400 | D:3      | Noticed Sigmund
  1400 | D:3      | Reached skill level 1 in Armour
  1629 | D:3      | HP: 1/34 [something (12)]
  1630 | D:3      | Slain by Sigmund

Skill      XL: |  1  2  3  4 |
---------------+-------------+-----
Long Blades    | 3 |  3.7
Dodging        | 3 |  3.2
Armour         | 1 |  1.0
Fighting       | |  2.4
Throwing       | |  1.8
Stealth        | |  0.2

Action                   |  1- 3 |  4- 6 || total
-------------------------+-------+-------++-------
Melee: Long sword        |   114 |    21 ||   135
  Eat: Chunk             |     2 |       ||     2
Armor: Leather armour    |    34 |     6 ||    40
Dodge: Dodged            |    70 |    21 ||    91
Block: Other             |    13 |     6 ||    19
       Rpst.: Long sword |    19 |     5 ||    24
